 Dungeon Crawl Stone Soup version 0.21.1-1-g345015f (webtiles) character file.

11098 wojtek the Cleaver (level 11, -8/95 HPs)
             Began as a Minotaur Fighter on July 22, 2018.
             Was an Elder of Makhleb.
             Killed from afar by a deep elf mage (18 damage)
             ... with a bolt of lightning
             ... on level 13 of the Dungeon.
             The game lasted 00:18:14 (10427 turns).

wojtek the Cleaver (Minotaur Fighter)              Turns: 10427, Time: 00:18:15

Health: -8/95      AC: 15    Str: 23    XL:     11   Next: 44%
Magic:  16/16      EV: 10    Int:  5    God:    Makhleb [****..]
Gold:   135        SH: 11    Dex: 11    Spells: 10/10 levels left

rFire    . . .     SeeInvis +   a - +0 war axe
rCold    . . .     Gourm    .   c - +0 shield
rNeg     . . .     Faith    .   B - +0 chain mail
rPois    .         Spirit   .   P - +0 hat {SInv}
rElec    .         Reflect  .   e - +0 cloak
rCorr    .         Harm     .   h - +0 pair of gloves
MR       +....                  b - +0 pair of boots
Stlth    ..........             n - amulet of rage
HPRegen  0.25/turn              u - ring of stealth
MPRegen  0.15/turn              A - ring of protection from magic

@: about to teleport, slowed, very slow
A: retaliatory headbutt, horns 2
a: Minor Destruction, Lesser Servant of Makhleb, Major Destruction, Renounce
Religion, Evoke Berserk Rage


You were on level 13 of the Dungeon.
You worshipped Makhleb.
Makhleb was greatly pleased with you.
You were not hungry.

You visited 1 branch of the dungeon, and saw 11 of its levels.
You also visited: Sewer.

You collected 443 gold pieces.
You spent 308 gold pieces at shops.

Inventory:

Hand Weapons
 a - a +0 war axe (weapon)
Missiles
 J - 3 throwing nets (quivered)
Armour
 b - a +0 pair of boots (worn)
 c - a +0 shield (worn)
 e - a +0 cloak (worn)
 h - a +0 pair of gloves (worn)
 B - a +0 chain mail (worn)
 P - a +0 hat of see invisible (worn)
Jewellery
 k - an uncursed ring of stealth
 n - an amulet of rage (around neck)
 q - a +2 amulet of reflection {unknown}
 u - a ring of stealth (left hand)
 A - a ring of protection from magic (right hand)
 C - an uncursed ring of protection from fire {unknown}
Wands
 y - a wand of iceblast (1)
 M - a wand of flame (4)
Scrolls
 i - 7 scrolls of enchant armour
 j - 6 scrolls of remove curse {unknown}
 l - 5 scrolls of identify
 s - a scroll of teleportation
 t - 3 scrolls of magic mapping {unknown}
 w - a scroll of random uselessness {unknown}
 D - 2 scrolls of fear {unknown}
 F - a scroll of fog {unknown}
 K - a scroll of amnesia {unknown}
 O - a scroll of silence {unknown}
Potions
 d - 4 potions of might
 g - 6 potions of haste
 m - 2 potions of berserk rage {unknown}
 o - 2 potions of magic {unknown}
 p - 6 potions of curing
 v - 3 potions of flight
 x - a potion of ambrosia {unknown}
 z - 3 potions of brilliance {unknown}
 E - a potion of degeneration {unknown}
 H - 3 potions of lignification {unknown}
 I - a potion of mutation {unknown}
 L - 2 potions of agility {unknown}
Books
 G - a book of Flames

   Spells                             Type                      Level
   a - Flame Tongue                   Conjuration/Fire             1
   b - Throw Flame                    Conjuration/Fire             2
   c - Conjure Flame                  Conjuration/Fire             3
   d - Inner Flame                    Hexes/Fire                   3
   e - Sticky Flame                   Conjuration/Fire             4
   f - Fireball                       Conjuration/Fire             5
Comestibles
 f - 30 rations
 N - a chunk of flesh


   Skills:
 + Level 8.5 Fighting
 + Level 10.7 Axes
 + Level 8.6 Armour
 + Level 6.7 Dodging
 + Level 8.6 Shields
 * Level 8.1 Invocations
 + Level 4.4 Evocations


You had 10 spell levels left.
You didn't know any spells.

Dungeon Overview and Level Annotations

Branches:
Dungeon (10/15)            Temple (0/1) D:7            Lair (0/6) D:10
    Orc: D:9-12

Altars:
Cheibriados
Fedhas
Gozag
Kikubaaqudgha
Makhleb
Okawaru
Ru
Sif Muna
Trog
Uskayaw
Vehumet
Wu Jian
Xom
Yredelemnul
Zin
The Shining One

Shops:
D:5 !*   D:10 [

Annotations:
D:10 lindwurm flight
D:13 1 runed door, Josephine


Innate Abilities, Weirdness & Mutations

You reflexively headbutt those who attack you in melee.
You have a pair of horns on your head.


Message History

* * * LOW HITPOINT WARNING * * *
The centaur shoots an arrow.
The arrow misses you.
You see here 5 arrows.
Unknown command.
Unknown command.
Unknown command.
As you read the scroll of teleportation, it crumbles to dust.
You feel strangely unstable.
The centaur shoots an arrow.
You block the arrow.
A slime creature comes into view.
The slime creature quivers.
A six-headed hydra comes into view.
Unknown command.
The centaur shoots an arrow.
The arrow closely misses you.
Found 2 gold pieces.
Unknown command.
You slash the deep elf mage!
The deep elf mage is severely wounded.
The deep elf mage casts a spell at you. The bolt of lightning hits you!
You die...

..... .O.JJ.
...J.. ..c...
##...... ## #.ccc.
.
##...#####cO###..#
#......@eYc.......
$..######c9.....#
#.#....## #9#.#..#
..... .# .....#. #
......#.. ........
.# #......#.# .#


You could see a centaur warrior, a two-headed ogre, a deep elf mage, a yak, a
gargoyle and 4 centaurs.

Vanquished Creatures
  A centaur warrior (D:13)
  A two-headed ogre (D:13)
  Pikel (D:3)
  An ugly thing (D:9)
  Maurice (D:10)
  An elephant (D:10)
  A troll (D:10)
  6 hippogriffs
  2 wyverns (D:9)
  9 yaks
  A basilisk (D:10)
  Menkaure (D:4)
  An orc warrior (D:7)
  4 slaves
  4 sky beasts
  3 ogres
  A black bear (D:7)
  4 ice beasts
  A phantom (D:9)
  The ghost of Space the Chopper, an amateur DsGl (D:3)
  8 centaurs
  2 crocodiles
  A big kobold (D:7)
  7 bullfrogs
  4 scorpions
  2 wights (D:9)
  A howler monkey (D:5)
  7 crimson imps
  3 jellies
  A quasit (D:7)
  8 hounds
  Crazy Yiuf (D:2)
  3 centaur zombies
  5 orc priests
  3 bullfrog skeletons
  7 iguanas
  2 centaur skeletons
  6 orc wizards
  2 worker ants
  4 hound skeletons
  6 gnolls
  A howler monkey skeleton (D:5)
  14 adders
  3 shadow imps
  A white imp (D:13)
  3 oozes
  2 adder zombies
  3 worms (D:3)
  A dart slug (D:1)
  6 leopard geckos
  21 orcs
  7 ball pythons
  11 bats
  5 giant cockroaches
  8 goblins
  10 hobgoblins
  6 jackals
  4 quokkas
  A ball python skeleton (D:4)
  5 frilled lizards
  26 kobolds
  A leopard gecko skeleton (D:6)
  2 quokka skeletons
  11 rats
  4 plants (Sewer)
284 creatures vanquished.

Vanquished Creatures (collateral kills)
  6 killer bees (D:8)
  A jackal (D:8)
7 creatures vanquished.

Vanquished Creatures (others)
  A human (D:4)
  A plant (Sewer)
2 creatures vanquished.

Grand Total: 293 creatures vanquished

Notes
Turn   | Place    | Note
-------+----------+-------------------------------------------
     0 | D:1      | wojtek the Minotaur Fighter began the quest for the Orb.
     0 | D:1      | Reached XP level 1. HP: 19/19 MP: 0/0
     5 | D:1      | Noticed a black mamba
    23 | D:1      | Reached skill level 3 in Axes
    78 | D:1      | Reached XP level 2. HP: 26/26 MP: 1/1
   261 | D:1      | Reached skill level 4 in Axes
   294 | D:1      | Reached XP level 3. HP: 31/31 MP: 2/2
   610 | D:1      | Noticed an anaconda
   629 | D:2      | Found a sacrificial altar of Ru.
   629 | D:2      | Found a bloodstained altar of Trog.
   629 | D:2      | Found an ornate altar of the Wu Jian Council.
   629 | D:2      | Found an ancient bone altar of Kikubaaqudgha.
   831 | D:2      | Reached skill level 5 in Axes
  1088 | D:2      | Reached XP level 4. HP: 38/39 MP: 3/3
  1427 | D:2      | Found a runed door.
  1568 | D:2      | Noticed Crazy Yiuf
  1572 | D:2      | Killed Crazy Yiuf
  1609 | D:3      | Reached skill level 6 in Axes
  1637 | D:3      | Noticed Space's ghost (amateur DsGl)
  1725 | D:3      | Found a glowing drain.
  1734 | D:3      | Reached XP level 5. HP: 37/45 MP: 4/4
  1745 | Sewer    | Entered a sewer
  2565 | D:3      | Killed Space's ghost
  2565 | D:3      | Reached skill level 7 in Axes
  2767 | D:3      | Found a burning altar of Makhleb.
  2787 | D:3      | Noticed a moth of wrath
  2807 | D:3      | Became a worshipper of Makhleb the Destroyer
  2816 | D:3      | Reached XP level 6. HP: 51/51 MP: 5/5
  3046 | D:3      | Found a bloodstained altar of Trog.
  3174 | D:4      | Found a glowing golden altar of the Shining One.
  3406 | D:4      | Found a shimmering altar of Xom.
  3470 | D:4      | Reached skill level 1 in Dodging
  3599 | D:4      | Found an ancient bone altar of Kikubaaqudgha.
  3637 | D:4      | Noticed a human
  3638 | D:4      | Killed a human
  3655 | D:4      | Noticed a slave
  3656 | D:4      | Noticed Pikel
  3656 | D:4      | Noticed a slave
  3657 | D:4      | Noticed a slave
  3658 | D:4      | Noticed a slave
  3664 | D:4      | Killed a slave
  3666 | D:4      | Killed a slave
  3680 | D:4      | Reached skill level 1 in Invocations
  3933 | D:3      | Killed a slave
  4005 | D:2      | Killed a slave
  4395 | D:4      | Noticed Menkaure
  4402 | D:4      | Killed Menkaure
  4402 | D:4      | Reached skill level 8 in Axes
  4402 | D:4      | Reached XP level 7. HP: 45/59 MP: 5/7
  4599 | D:5      | Entered Level 5 of the Dungeon
  4600 | D:5      | Found a deep blue altar of Sif Muna.
  4630 | D:5      | Noticed a hippogriff
  4638 | D:5      | Killed a hippogriff
  4761 | D:5      | Reached * piety under Makhleb
  4791 | D:5      | Reached skill level 5 in Fighting
  4791 | D:5      | Reached skill level 5 in Armour
  4791 | D:5      | Reached XP level 8. HP: 15/68 MP: 8/8
  5130 | D:3      | Killed Pikel
  5130 | D:3      | Reached skill level 5 in Shields
  5192 | D:5      | Found Rasececs's General Store.
  5217 | D:5      | Bought a scroll of identify for 20 gold pieces
  5246 | D:5      | Found an iron altar of Okawaru.
  5341 | D:5      | Found a radiant altar of Vehumet.
  5514 | D:5      | Found Gopi's Distillery.
  5517 | D:5      | Bought a potion of curing for 39 gold pieces
  5517 | D:5      | Bought a potion of flight for 39 gold pieces
  5528 | D:6      | Found an opulent altar of Gozag.
  5545 | D:6      | Reached skill level 9 in Axes
  5870 | D:6      | Reached XP level 9. HP: 75/75 MP: 10/10
  6090 | D:6      | Reached ** piety under Makhleb
  6273 | D:7      | Found a snail-covered altar of Cheibriados.
  6282 | D:7      | Reached skill level 1 in Evocations
  6550 | D:7      | Found a staircase to the Ecumenical Temple.
  6614 | D:7      | Found a basalt altar of Yredelemnul.
  6832 | D:7      | Reached skill level 5 in Invocations
  6861 | D:7      | Reached *** piety under Makhleb
  6890 | D:7      | Reached skill level 5 in Dodging
  7576 | D:8      | Found a hide-covered altar of Uskayaw.
  7592 | D:8      | Reached XP level 10. HP: 84/86 MP: 13/13
  8252 | D:8      | Found a blossoming altar of Fedhas.
  8911 | D:9      | Noticed a brown ugly thing
  8930 | D:9      | Killed a brown ugly thing
  8930 | D:9      | Reached skill level 10 in Axes
  9310 | D:9      | Found a glowing silver altar of Zin.
  9739 | D:10     | Entered Level 10 of the Dungeon
  9865 | D:10     | Noticed Maurice
  9873 | D:10     | Killed Maurice
  9902 | D:10     | Reached **** piety under Makhleb
  9966 | D:10     | Found a staircase to the Lair.
  9966 | D:10     | Noticed an elephant
  9976 | D:10     | Reached XP level 11. HP: 94/94 MP: 15/15
 10045 | D:10     | Noticed a lindwurm
 10046 | D:10     | Noticed a lindwurm
 10052 | D:10     | Noticed a lindwurm
 10068 | D:10     | Noticed a lindwurm
 10168 | D:10     | Found Laniluum's Antique Armour Shoppe.
 10176 | D:10     | Bought an embroidered hat for 210 gold pieces
 10327 | D:10     | You fall through a shaft for 3 floors!
 10327 | D:13     | Found a runed door.
 10329 | D:13     | Noticed a centaur warrior
 10345 | D:13     | Noticed a two-headed ogre
 10348 | D:13     | Killed a centaur warrior
 10359 | D:13     | Killed a two-headed ogre
 10373 | D:13     | HP: 4/95 [centaur/arrow (6)]
 10390 | D:13     | Noticed a centaur warrior
 10398 | D:13     | Noticed a deep elf mage
 10417 | D:13     | Noticed Josephine
 10419 | D:13     | Noticed a centaur warrior
 10422 | D:13     | Noticed a centaur warrior
 10423 | D:13     | Noticed a two-headed ogre
 10426 | D:13     | Noticed a six-headed hydra
 10427 | D:13     | Killed from afar by a deep elf mage

Skill      XL: |  1  2  3  4  5  6  7  8  9 10 11 |
---------------+----------------------------------+-----
Axes           | 3 4 5 6 7 8 9 10 | 10.7
Fighting       | 4 5 6 7 8 |  8.5
Dodging        | 1 2 4 5 6 |  6.7
Armour         | 4 5 6 7 8 |  8.6
Shields        | 4 6 7 8 |  8.6
Invocations    | 1 2 3 5 7 8 |  8.1
Evocations     | 2 3 4 |  4.4

Action                   |  1- 3 |  4- 6 |  7- 9 | 10-12 || total
-------------------------+-------+-------+-------+-------++-------
Melee: War axe           |    99 |   251 |   316 |   334 ||  1000
       Headbutt          |    13 |    41 |    70 |    66 ||   190
Invok: Lesser Servant of |       |       |       |     4 ||     4
Evoke: Wand              |       |       |       |     5 ||     5
  Use: Scroll            |       |       |     1 |     5 ||     6
       Potion            |       |       |       |     3 ||     3
  Eat: Chunk             |     1 |    10 |    12 |     9 ||    32
Armor: Scale mail        |    37 |    84 |    22 |       ||   143
       Chain mail        |       |       |   137 |   169 ||   306
Dodge: Dodged            |    34 |    59 |    63 |   116 ||   272
Block: Shield            |    57 |   112 |   167 |   221 ||   557
